 Dungeon Crawl Stone Soup version 0.16-a0-3994-gbbee317 (webtiles) character file.

621 BluebellGnoll the Fighter (level 7, -3/80 HPs)
             Began as an Ogre Hunter on Feb 13, 2015.
             Was a Follower of Okawaru.
             Slain by a river rat (9 damage)
             ... summoned by Eustachio
             ... on level 5 of the Dungeon.
             The game lasted 00:19:37 (4890 turns).

BluebellGnoll the Fighter (Ogre Hunter)             Turns: 4890, Time: 00:19:38

Health: -3/80      AC:  4    Str: 18    XL:     7   Next: 46%
Magic:  7/7        EV: 10    Int: 12    God:    Okawaru [*.....]
Gold:   221        SH:  0    Dex: 10    Spells: 0 memorised, 6 levels left

rFire  . . .     SeeInvis .     C - +1 flail (drain)
rCold  . . .     Clarity  .     d - +0 animal skin
rNeg   . . .     SustAb   +     (shield restricted)
rPois  .         Gourm    .     (helmet restricted)
rElec  .         Spirit   .     p - +0 cloak
rCorr  .         Warding  .     (gloves unavailable)
rMut   .         Stasis   .     (boots unavailable)
MR     .....                    (no amulet)
Stlth  ++........               D - ring of stealth
                                m - ring of sustain abilities

@: not resistant to hostile enchantments, unstealthy
A: unfitting armour, tough skin 1
a: Heroism, Renounce Religion


You were on level 5 of the Dungeon.
You worshipped Okawaru.
Okawaru was aware of your devotion.
You were not hungry.

You visited 1 branch of the dungeon, and saw 5 of its levels.

You collected 221 gold pieces.

Inventory:

Hand weapons
 k - a +0 blowgun
 C - a +1 flail of draining (weapon)
Missiles
 b - 5 large rocks
 c - 3 throwing nets
 g - 73 stones
 h - 48 poisoned needles
 o - 4 tomahawks
 u - 4 javelins (quivered)
 G - 6 silver javelins
Armour
 d - a +0 animal skin (worn)
 p - a +0 cloak (worn)
Jewellery
 m - a ring of sustain abilities (left hand)
 D - a ring of stealth (right hand)
Magical devices
 a - a wand of polymorph (8)
 w - a wand of confusion (48)
Scrolls
 n - 2 scrolls of teleportation
 x - a scroll of immolation {unknown}
 y - a scroll of magic mapping
 E - a scroll of noise {unknown}
Potions
 e - 2 potions of agility
 i - a potion of heal wounds {unknown}
 j - 4 potions of curing
 q - a potion of flight {unknown}
 v - a potion of brilliance {unknown}
 z - a potion of mutation
 A - 2 potions of invisibility
 F - 2 potions of might {unknown}
Comestibles
 f - 2 meat rations
 l - 6 fruits
 s - a bread ration
 t - a slice of pizza


   Skills:
 - Level 8.1 Fighting
 + Level 6.6 Maces & Flails
 - Level 4.3 Throwing
 - Level 1.7 Dodging
 - Level 0.7 Stealth


You had 6 spell levels left.
You didn't know any spells.

Dungeon Overview and Level Annotations

Branches:
Dungeon (5/15)
 Temple: D:4-7

Altars:
Gozag
Okawaru
Yredelemnul
The Shining One

Annotations:
D:1 extra room
D:5 Eustachio


Innate Abilities, Weirdness & Mutations

You are too large for most types of armour.
You have tough skin (AC +1).


Message History

Eustachio disappears!
The bat disappears in a puff of smoke!
The rat disappears in a puff of smoke!
The shadow imp gestures at you. Pain shoots through your body!
The river rat bites you!
The white imp hits you but does no damage.
The bat closely misses you. The river rat bites you.
* * * LOW HITPOINT WARNING * * *
The bat closely misses you. The shadow imp hits you.
* * * LOW HITPOINT WARNING * * *
The bat barely misses you. The white imp gestures at you.
The puff of frost hits you!
* * * LOW HITPOINT WARNING * * *
There is a stone staircase leading up, spattered with blood here.
The bat hits you but does no damage. The shadow imp hits you.
* * * LOW HITPOINT WARNING * * *
The river rat bites you.
* * * LOW HITPOINT WARNING * * *
The river rat bites you!
You die...

#.....
#####......
(..........
...........
#........# .
#........# ...
#........#
......#55r.....+
(..(....@b.r...#
...(##...r.....#
( #....######
#....# #....#
...>## ###..#
##.. +..


You could see 3 river rats, a white imp, a shadow imp and a bat.

Vanquished Creatures
  An ogre (D:4)
  A scorpion (D:4)
  An orc priest (D:3)
  A giant frog skeleton (D:4)
  2 hounds (D:4)
  2 orc wizards (D:4)
  2 iguanas (D:4)
  2 worker ants (D:4)
  3 gnolls (D:4)
  5 adders
  2 giant mites
  5 worms
  A giant gecko (D:1)
  An ooze (D:1)
  10 orcs
  11 bats
  14 goblins
  10 hobgoblins
  4 jackals (D:3)
  12 kobolds
  A ball python (D:2)
  2 giant cockroaches
  2 giant newts
  39 rats
134 creatures vanquished.

Vanquished Creatures (others)
  A giant cockroach (D:4)
1 creature vanquished.

Grand Total: 135 creatures vanquished

Notes
Turn   | Place    | Note
--------------------------------------------------------------
     0 | D:1      | BluebellGnoll, the Ogre Hunter, began the quest for the Orb.
     0 | D:1      | Reached XP level 1. HP: 22/22 MP: 1/1
   331 | D:1      | Reached XP level 2. HP: 31/31 MP: 2/2
   624 | D:1      | Reached skill level 1 in Maces & Flails
   831 | D:1      | Found an iron altar of Okawaru.
   875 | D:1      | Reached XP level 3. HP: 26/39 MP: 3/3
   878 | D:1      | Became a worshipper of Warmaster Okawaru
  1479 | D:2      | Reached XP level 4. HP: 20/48 MP: 4/4
  2327 | D:2      | Reached skill level 5 in Maces & Flails
  2450 | D:2      | Reached XP level 5. HP: 54/54 MP: 5/5
  3407 | D:3      | Reached skill level 5 in Fighting
  3527 | D:4      | Acquired Okawaru's first power
  3558 | D:4      | Noticed an ogre
  3563 | D:4      | Killed an ogre
  3563 | D:4      | Reached skill level 6 in Fighting
  3563 | D:4      | Reached XP level 6. HP: 63/68 MP: 6/6
  3751 | D:4      | Reached skill level 7 in Fighting
  3905 | D:4      | Reached XP level 7. HP: 26/79 MP: 7/7
  3910 | D:4      | Reached skill level 8 in Fighting
  4244 | D:4      | Found a glowing golden altar of the Shining One.
  4245 | D:4      | Noticed an angel
  4463 | D:4      | Found a basalt altar of Yredelemnul.
  4464 | D:4      | Noticed a profane servitor
  4753 | D:4      | Found an opulent altar of Gozag.
  4863 | D:5      | Entered Level 5 of the Dungeon
  4863 | D:5      | Noticed Eustachio
  4890 | D:5      | Slain by a river rat

Action                   |  1- 3 |  4- 6 |  7- 9 || total
-------------------------+-------+-------+-------++-------
Melee: Short sword       |    54 |       |       ||    54
       Club              |    44 |       |       ||    44
       Mace              |    33 |   173 |       ||   206
       Flail             |       |    62 |    45 ||   107
 Fire: Blowgun           |       |     9 |       ||     9
Throw: Stone             |    11 |    92 |    19 ||   122
       Throwing net      |       |     1 |       ||     1
       Javelin           |       |     2 |    14 ||    16
Evoke: Wand              |       |     2 |       ||     2
  Use: Scroll            |     5 |     9 |     1 ||    15
 Stab: Sleeping          |       |     1 |     2 ||     3
  Eat: Chunk             |     2 |     8 |     3 ||    13
